 Dungeon Crawl Stone Soup version 0.26.0-16-gc1dbca0489 (webtiles) character file.

Game seed: 10831053068064451971

559 thiole the Covered (level 7, -8/62 HPs)
             Began as a Minotaur Fighter on Jan 20, 2021.
             Was a Follower of Trog.
             Mangled by Prince Ribbit (12 damage)
             ... on level 5 of the Dungeon.
             The game lasted 00:03:41 (2428 turns).

thiole the Covered (Minotaur Fighter)               Turns: 2428, Time: 00:03:41

Health: -8/62      AC:  7    Str: 23    XL:     7   Next: 9%
Magic:  6/6        EV:  8    Int:  5    God:    Trog [*.....]
Gold:   156        SH: 10    Dex:  9    Spells: 6/6 levels left

rFire    . . .     SeeInvis .   a - +0 war axe
rCold    . . .     Faith    .   c - +0 kite shield
rNeg     . . .     Spirit   .   b - +0 scale mail
rPois    .         Reflect  .   (helmet restricted)
rElec    .         Harm     .   (no cloak)
rCorr    .         Rampage  .   (no gloves)
Will     .....                  (no boots)
Stlth    ..........             (no amulet)
HPRegen  0.20/turn              (no ring)
MPRegen  0.10/turn              (no ring)

@: no status effects
A: retaliatory headbutt, horns 2
a: Renounce Religion, Berserk


You were on level 5 of the Dungeon.
You worshipped Trog.
Trog was aware of your devotion.
You visited 1 branch of the dungeon, and saw 6 of its levels.

You collected 156 gold pieces.

Inventory:

Hand Weapons
 a - a +0 war axe (weapon)
 o - a +3 hunting sling of flaming
Armour
 b - a +0 scale mail (worn)
 c - a +0 kite shield (worn)
 p - a +0 tower shield
Wands
 r - a wand of enslavement (11)
Scrolls
 e - 2 scrolls of random uselessness {unknown}
 g - a scroll of noise {unknown}
 h - 4 scrolls of identify {unknown}
 j - 3 scrolls of teleportation {unknown}
 k - 2 scrolls of remove curse {unknown}
 l - 2 scrolls of immolation {unknown}
Potions
 d - a potion of might
 f - a potion of curing {unknown}
 i - a potion of heal wounds {unknown}
 m - a potion of brilliance {unknown}
 n - a potion of lignification {unknown}
 q - a potion of haste {unknown}


   Skills:
 + Level 5.8 Fighting
 + Level 5.0 Axes
 + Level 5.8 Armour
 + Level 5.7 Shields


You had 6 spell levels left.
You didn't know any spells.
Your spell library was empty.

Dungeon Overview and Level Annotations

Branches:
Dungeon (6/15)
 Temple: D:4-7

Altars:
Gozag
Okawaru
Sif Muna
Trog

Shops:
D:5 [

Annotations:
D:5 Prince Ribbit


Innate Abilities, Weirdness & Mutations

You reflexively headbutt those who attack you in melee.
You have a pair of horns on your head.


Message History

Prince Ribbit hits you but does no damage.
Prince Ribbit hits you.
* * * LOW HITPOINT WARNING * * *
You miss Prince Ribbit.
Prince Ribbit is moderately wounded.
Prince Ribbit hits you but does no damage.
You closely miss Prince Ribbit. Your headbutt misses Prince Ribbit.
Prince Ribbit is moderately wounded.
Prince Ribbit hits you.
* * * LOW HITPOINT WARNING * * *
Prince Ribbit hits you.
* * * LOW HITPOINT WARNING * * *
You slice Prince Ribbit!!
Prince Ribbit is severely wounded.
You block Prince Ribbit's attack. Prince Ribbit closely misses you.
You slash Prince Ribbit!
Prince Ribbit is almost dead.
Prince Ribbit casts a spell.
Prince Ribbit looks slightly unstable.
Prince Ribbit hits you!
You die...

................
...#.#.#####
####...>########
#.......... ######
##........ ######
##....### #....#
##.†.## #####
#....###..#.####
......###
#>...##..##))...
#...###.......###.....
###..@F......####.....
#####....#..........
#.>..#####......
#....# ##..∩.. #....#
#..... ###### #.....
#..... ######


You could see Prince Ribbit.

Vanquished Creatures
  An orc warrior (D:6)
  A necrophage (D:5)
  A phantom (D:5)
  A water moccasin zombie (D:5)
  A hound (D:4)
  A bullfrog skeleton (D:5)
  An orc wizard (D:5)
  Robin (D:2)
  2 adders (D:2)
  An ooze (D:1)
  A worm (D:2)
  4 dart slugs (D:1)
  A leopard gecko (D:1)
  8 orcs
  A ball python (D:2)
  7 giant cockroaches
  16 goblins (D:2)
  9 hobgoblins
  13 jackals
  3 kobolds (D:1)
  2 quokkas (D:5)
  9 bats
  7 frilled lizards
  A jackal zombie (D:5)
  3 rats
96 creatures vanquished.

Notes
Turn   | Place    | Note
-------+----------+-------------------------------------------
     0 | D:1      | thiole the Minotaur Fighter began the quest for the Orb.
     0 | D:1      | Reached XP level 1. HP: 19/19 MP: 0/0
    69 | D:1      | Reached XP level 2. HP: 27/27 MP: 1/1
   228 | D:1      | Reached XP level 3. HP: 31/33 MP: 2/2
   807 | D:2      | Reached XP level 4. HP: 39/40 MP: 3/3
   921 | D:2      | Found a bloodstained altar of Trog.
   939 | D:2      | Noticed Robin
   954 | D:2      | Became a worshipper of Trog the Wrathful
   985 | D:2      | Killed Robin
  1535 | D:2      | Found a shimmering blue altar of Sif Muna.
  1673 | D:3      | Found an iron altar of Okawaru.
  1708 | D:3      | You fall into a shaft and drop 2 floors!
  1708 | D:5      | Entered Level 5 of the Dungeon
  1713 | D:5      | Reached XP level 5. HP: 47/47 MP: 4/4
  1714 | D:5      | Found an opulent altar of Gozag.
  1718 | D:5      | Noticed a necrophage
  1730 | D:5      | Killed a necrophage
  1731 | D:5      | Reached skill level 5 in Fighting
  1731 | D:5      | Reached skill level 5 in Armour
  1731 | D:5      | Reached skill level 5 in Shields
  1753 | D:5      | Noticed a phantom
  1778 | D:5      | Killed a phantom
  1779 | D:5      | Reached XP level 6. HP: 42/56 MP: 5/5
  1953 | D:4      | Reached * piety under Trog
  1978 | D:4      | You fall into a shaft and drop 2 floors!
  1986 | D:6      | Noticed an orc warrior
  1998 | D:6      | Killed an orc warrior
  2271 | D:5      | Found Ogheagoth's Antique Armour Shop.
  2285 | D:5      | Reached skill level 5 in Axes
  2285 | D:5      | Reached XP level 7. HP: 45/62 MP: 6/6
  2413 | D:5      | Noticed Prince Ribbit
  2428 | D:5      | Mangled by Prince Ribbit

Illustrated notes

Levels and vault maps discovered:
D:1:      dpeg_arrival_erosion, layout_rooms
D:2:      layout_loops_ring, lemuel_coloured_pillars_altar, lemuel_round_altar,
          uniq_robin
D:3:      layout_basic, nicolae_overflow_hidden_temple, okawaru_trees_1,
          minmay_misc_feat_columns
D:4:      layout_basic, hex_intersection
D:5:      layout_rooms, nicolae_gozag_seed_capital,
          minmay_temple_entry_enclosed_plants, serial_shops, shop,
          kennysheep_windowed_goal, uniq_prince_ribbit1
D:6:      layout_loops_corners, grunt_dithmenos_smoke_and_mirrors,
          hellmonk_ghost_happy_afterlife, minmay_joined_circles

Skill      XL: |  1  2  3  4  5  6 |
---------------+-------------------+-----
Fighting       | 4 5 |  5.8
Armour         | 4 5 |  5.8
Shields        | 4 5 |  5.7
Axes           | 3 4 5 |  5.0

Action                   |  1- 3 |  4- 6 |  7- 9 || total
-------------------------+-------+-------+-------++-------
Melee: War axe           |   100 |   107 |    23 ||   230
       Headbutt          |    12 |    20 |     2 ||    34
Throw: Stone             |       |     9 |       ||     9
Armor: Scale mail        |    47 |    44 |    10 ||   101
Dodge: Dodged            |    40 |    30 |     2 ||    72
Block: Kite shield       |    66 |    51 |     6 ||   123
